 Dungeon Crawl Stone Soup version 0.29-a0-551-gffc1d7fb78 (webtiles) character file.

Game seed: 4925879764592470008

107 brmiller01 the Skirmisher (level 4, -5/49 HPs)
             Began as an Ogre Transmuter on June 5, 2022.
             Slain by a gnoll
             ... wielding a +0 spear
              (10 damage)
             ... on level 2 of the Dungeon.
             The game lasted 00:04:03 (2594 turns).

brmiller01 the Skirmisher (Ogre Transmuter)         Turns: 2594, Time: 00:04:03

Health: -5/49      AC:  3    Str: 16    XL:     4   Next: 85%
Magic:  9/9        EV:  9    Int: 14    God:
Gold:   61         SH:  0    Dex:  9    Spells: 8/9 levels left

rFire   . . .      SeeInvis .     - Unarmed
rCold   . . .      Faith    .   (no shield)
rNeg    . . .      Spirit   .   a - +0 robe
rPois   .          Reflect  .   (helmet currently unavailable)
rElec   .          Harm     .   (no cloak)
rCorr   .          Rampage  .   (gloves unavailable)
Will    .....                   (boots unavailable)
Stlth   +.........              (no amulet)
HPRegen 0.16/turn               (no ring)
MPRegen 0.11/turn               (no ring)

@: appendages (expiring)
A: horns 2, talons 2, large, unfitting armour, tough skin 1
a: End Transformation


You were on level 2 of the Dungeon.
You had temporarily grown beastly horns and talons.
You visited 1 branch of the dungeon, and saw 2 of its levels.

You collected 61 gold pieces.

Inventory:

Missiles
 j - 3 poisoned darts
 k - 13 stones
Armour
 a - a +0 robe (worn)
Jewellery
 f - a ring of positive energy
 q - an amulet of the acrobat
Scrolls
 c - a scroll of noise {unknown}
 g - 3 scrolls of fog {unknown}
 h - a scroll of enchant armour {unknown}
 l - 2 scrolls of vulnerability {unknown}
 o - a scroll of identify {unknown}
Potions
 b - a potion of lignification
 d - 2 potions of heal wounds {unknown}
 e - a potion of mutation {unknown}
 i - 2 potions of curing {unknown}
 m - a potion of degeneration {unknown}
 n - a potion of might {unknown}
 p - a potion of invisibility {unknown}


   Skills:
 * Level 4.3 Fighting
 - Level 1.7 Dodging
 + Level 3.3 Unarmed Combat
 + Level 3.4 Spellcasting
 - Level 1.7 Transmutations


You had 8 spell levels left.
You knew the following spells:

 Your Spells              Type           Power      Damage    Failure   Level
a - Beastly Appendage     Tmut           14%        N/A       10%         1

Your spell library contained the following spells:

 Spells                   Type           Power      Damage    Failure   Level
 Wereblood                Tmut           7%         N/A       16%         2
 Spider Form              Tmut/Pois      4%         N/A       41%         3
 Ice Form                 Ice/Tmut       4%         N/A       82%         4


Dungeon Overview and Level Annotations

Branches:
Dungeon (2/15)

Altars:

Portals:
Abyss: D:1***


Innate Abilities, Weirdness & Mutations

You have temporarily grown beastly horns and talons.
You are too large for most types of armour.
You have tough skin. (AC +1)


Message History

The gnoll shouts!
You headbutt the gnoll. Your punch misses the gnoll.
The gnoll is heavily wounded.
You hear a shout!
The ball python bites you but does no damage.
The gnoll hits you with a +0 spear.
You barely miss the gnoll. You claw the gnoll, but do no damage.
You headbutt the gnoll, but do no damage.
The gnoll is heavily wounded.
The ball python completely misses you.
You hit the gnoll. Your kick misses the gnoll.
The gnoll is almost dead.
The gnoll hits you with a +0 spear.
The ball python bites you but does no damage.
You closely miss the gnoll. You headbutt the gnoll.
The gnoll is almost dead.
The ball python bites you but does no damage.
The gnoll hits you but does no damage.
The gnoll hits you from afar with a +0 spear.
You are too injured to fight recklessly!
You are too injured to fight recklessly!
You are too injured to fight recklessly!
You are too injured to fight recklessly!
You hit the gnoll.
You kill the gnoll!
Your transformation is almost over.
The ball python closely misses you.
The gnoll hits you from afar with a +0 spear.
You hit the gnoll. You claw the gnoll.
The gnoll is heavily wounded.
The ball python bites you. The gnoll hits you but does no damage.
The gnoll hits you from afar with a +0 spear.
* * * LOW HITPOINT WARNING * * *
The ball python bites you but does no damage.
You hit the gnoll but do no damage.
The gnoll is heavily wounded.
The gnoll hits you with a +0 club!
* * * LOW HITPOINT WARNING * * *
The gnoll hits you from afar with a +0 spear!
You die...

### ..# # #.# #### #.#
#.# #...
....###.#############...
#).."...................
#>......................
##.###@#############...
#.gS.# #... #.#g.# #...
#.#..# #... # #..#
###... #<.# ##..... #..#
##..#### ..## ##..##
##..##


You could see 2 gnolls and a ball python.

Vanquished Creatures
  4 gnolls (D:2)
  A worm (D:2)
  A dart slug (D:1)
  8 ball pythons
  5 bats
  5 endoplasms
  5 giant cockroaches
  6 goblins
  5 hobgoblins
  2 jackals (D:2)
  2 quokkas
  4 frilled lizards
  6 kobolds
  6 rats
60 creatures vanquished.

Notes
Turn   | Place    | Note
-------+----------+-------------------------------------------
     0 | D:1      | brmiller01 the Ogre Transmuter began the quest for the Orb.
     0 | D:1      | Reached XP level 1. HP: 19/19 MP: 3/3
   276 | D:1      | Reached skill level 2 in Fighting
   296 | D:1      | Reached XP level 2. HP: 26/28 MP: 3/5
   358 | D:1      | Found a faded altar of an unknown god.
   862 | D:1      | Reached XP level 3. HP: 36/36 MP: 5/7
  1004 | D:1      | Reached skill level 3 in Fighting
  1738 | D:2      | Reached XP level 4. HP: 41/48 MP: 6/8
  1780 | D:2      | Reached skill level 4 in Fighting
  2169 | D:2      | HP: 1/48 [frozen (4)]
  2594 | D:2      | Slain by a gnoll

Illustrated notes

Levels and vault maps discovered:
D:1:      minmay_arrival_glassed_features, layout_loops_ring,
          nicolae_ecumenical_snake_handling, minmay_stone_trees_small
D:2:      minmay_alternating_diamond, layout_basic

Skill      XL: |  1  2  3  4 |
---------------+-------------+-----
Fighting       | 2 3 4 |  4.3
Unarmed Combat | 3 |  3.3
Spellcasting   | 3 |  3.4
Dodging        | |  1.7
Transmutations | |  1.7

Action                   |  1- 3 |  4- 6 || total
-------------------------+-------+-------++-------
Melee: Unarmed           |   120 |    58 ||   178
       Kick              |    19 |     7 ||    26
       Headbutt          |    12 |     7 ||    19
       Punch             |     1 |       ||     1
 Cast: Beastly Appendage |    19 |     6 ||    25
Armor: Robe              |    56 |    31 ||    87
Dodge: Dodged            |    61 |    24 ||    85

Table legend: (Time is in decaauts)
 A = Elapsed time spent in this place.
 B = Non-inter-level travel time spent in this place.
 C = Inter-level travel time spent in this place.
 D = Time resting spent in this place.
 E = Time spent auto-exploring this place.
 F = Levels seen in this place.
 G = Mean time per level.
                   A        B        C        D        E       F      G
               +--------+--------+--------+--------+--------+-----+--------+
         Total |   2583 |   2548 |     35 |    552 |   1641 |   2 | 1291.5 |
       Dungeon |   2583 |   2548 |     35 |    552 |   1641 |   2 | 1291.5 |
               +--------+--------+--------+--------+--------+-----+--------+

Top non-repeatable levels by time:
     D:1: 1391 daAuts
     D:2: 1191 daAuts
